 Dungeon Crawl Stone Soup version 0.26-a0-412-ga3d1f51b (webtiles) character file.

Game seed: 191171413242470214

74186 Crimsoncloak the Blocker (level 15, -18/120 HPs)
             Began as a Gnoll Fighter on July 24, 2020.
             Was a High Priest of Okawaru.
             Killed from afar by Azrael (35 damage)
             ... with damnation
             ... on level 1 of the Spider Nest.
             The game lasted 01:32:34 (30077 turns).

Crimsoncloak the Blocker (Gnoll Fighter)           Turns: 30077, Time: 01:32:36

Health: -18/120    AC: 27    Str: 23    XL:     15   Next: 45%
Magic:  20/29      EV: 19    Int: 15    God:    Okawaru [*****.]
Gold:   777        SH: 21    Dex: 26    Spells: 28/34 levels left

rFire    + + .     SeeInvis .   a - +3 mace "Dragonslayer" {vorpal, rF++ Dex+3}
rCold    . . .     Faith    .   c - +0 kite shield
rNeg     . . .     Spirit   .   V - +3 plate armour {MR+}
rPois    +         Reflect  +   T - +2 hat {Int+3}
rElec    .         Harm     .   z - +0 cloak
rCorr    .                      u - +0 pair of gloves
MR       +++..                  A - +0 pair of boots of the Ladybird {Dex+8}
Stlth    ++........             J - amulet of reflection
HPRegen  0.30/turn              U - ring of poison resistance
MPRegen  0.21/turn              K - ring of protection from magic

@: heroism, finesse
A: distributed training, fangs 1, strong nose
a: Heroism, Finesse, Renounce Religion


You were on level 1 of the Spider Nest.
You worshipped Okawaru.
Okawaru was extremely pleased with you.
You visited 5 branches of the dungeon, and saw 21 of its levels.
You also visited: Ice Cave.

You collected 1884 gold pieces.
You spent 1107 gold pieces at shops.

Inventory:

Hand Weapons
 a - the +3 mace "Dragonslayer" (weapon) {vorpal, rF++ Dex+3}
   (You bought it in a shop on level 2 of the Orcish Mines)

   It inflicts extra damage upon your enemies.
   It affects your dexterity (+3).
   It greatly protects you from fire.
 Y - a +2 scimitar of holy wrath
Missiles
 o - 24 poisoned darts (quivered)
Armour
 c - a +0 kite shield (worn)
 u - a +0 pair of gloves (worn)
 y - a +2 pair of boots of flying
 z - a +0 cloak (worn)
 A - the +0 pair of boots of the Ladybird (worn) {Dex+8}
   (You bought it in a shop on level 2 of the Orcish Mines)

   It affects your dexterity (+8).
 T - a +2 hat of intelligence (worn)
 V - a +3 plate armour of magic resistance (worn)
Jewellery
 r - an uncursed ring of protection from cold
 J - an amulet of reflection (around neck)
 K - a ring of protection from magic (right hand)
 U - a ring of poison resistance (left hand)
Wands
 n - a wand of iceblast (13)
 x - a wand of digging (4)
 B - a wand of disintegration (8)
 D - a wand of flame (40)
 G - a wand of acid (9)
 P - a wand of enslavement (11)
Scrolls
 b - 2 scrolls of immolation {unknown}
 e - 10 scrolls of fear
 f - 2 scrolls of random uselessness {unknown}
 i - a scroll of identify
 l - 3 scrolls of teleportation
 q - 3 scrolls of enchant armour {unknown}
 s - 3 scrolls of amnesia {unknown}
 t - 2 scrolls of enchant weapon {unknown}
 w - a scroll of vulnerability {unknown}
 H - 2 scrolls of remove curse
 I - 2 scrolls of blinking {unknown}
 L - 3 scrolls of magic mapping
 N - a scroll of silence {unknown}
 O - a scroll of summoning {unknown}
 W - a scroll of fog {unknown}
 X - a scroll of brand weapon {unknown}
Potions
 d - 3 potions of might
 g - 5 potions of heal wounds
 h - 3 potions of brilliance
 j - 3 potions of haste
 k - 9 potions of curing
 m - a potion of degeneration {unknown}
 p - 3 potions of cancellation
 v - a potion of berserk rage
 C - 2 potions of magic
 E - a potion of ambrosia
 F - 5 potions of flight
 M - 5 potions of mutation
 S - a potion of resistance
Miscellaneous
 Q - a phantom mirror


   Skills:
 + Level 11.8(16.8) Fighting
 + Level 10.0(15.0) Short Blades
 + Level 11.0(16.0) Long Blades
 + Level 10.0(15.0) Axes
 + Level 10.0(15.0) Maces & Flails
 + Level 10.0(15.0) Polearms
 + Level 10.0(15.0) Staves
 + Level 10.0(15.0) Slings
 + Level 10.0(15.0) Bows
 + Level 10.0(15.0) Crossbows
 + Level 10.0(15.0) Throwing
 + Level 11.8(16.8) Armour
 + Level 10.0(15.0) Dodging
 + Level 10.0(15.0) Stealth
 + Level 11.8(16.8) Shields
 + Level 10.0(15.0) Unarmed Combat
 + Level 10.0 Spellcasting
 + Level 8.5 Conjurations
 + Level 8.5 Hexes
 + Level 8.5 Summonings
 + Level 8.5 Necromancy
 + Level 8.5 Translocations
 + Level 8.5 Transmutations
 + Level 8.5 Fire Magic
 + Level 8.5 Ice Magic
 + Level 8.5 Air Magic
 + Level 8.5 Earth Magic
 + Level 8.5 Poison Magic
 + Level 10.9 Invocations
 + Level 10.0 Evocations


You had 28 spell levels left.
You knew the following spells:

 Your Spells              Type           Power        Failure   Level
a - Frozen Ramparts       Ice            ####..       7%          3
b - Summon Guardian Gole  Hex/Summ       ####....     7%          3

Your spell library contained the following spells:

 Spells                   Type           Power        Failure   Level
 Animate Skeleton         Necr           ####..       2%          1
 Apportation              Tloc           ####..       2%          1
 Corona                   Hex            ####...      2%          1
 Freeze                   Ice            ####         2%          1
 Summon Small Mammal      Summ           ####         2%          1
 Call Imp                 Summ           ####....     3%          2
 Ensorcelled Hibernation  Hex/Ice        ####..       3%          2
 Poisonous Vapours        Pois/Air       ####..       3%          2
 Call Canine Familiar     Summ           ####....     7%          3
 Confusing Touch          Hex            ####....     7%          3
 Conjure Flame            Conj/Fire      ####....     7%          3
 Dazzling Flash           Conj/Hex       ####..       7%          3
 Gell's Gravitas          Tloc           ####......   7%          3
 Mephitic Cloud           Conj/Pois/Air  ####....     7%          3
 Ozocubu's Armour         Ice            ####....     7%          3
 Tukima's Dance           Hex            ####....     7%          3
 Hailstorm                Conj/Ice       ####....     22%         4
 Petrify                  Tmut/Erth      ####....     22%         4
 Summon Ice Beast         Ice/Summ       ####....     22%         4
 Summon Lightning Spire   Summ/Air       ####....     22%         4
 Metabolic Englaciation   Hex/Ice        ####......   52%         5
 Yara's Violent Unravell  Hex/Tmut       ####......   52%         5
 Freezing Cloud           Conj/Ice/Air   ####......   98%         6


Dungeon Overview and Level Annotations

Branches:
Dungeon (11/15)            Temple (1/1) D:6            Lair (6/6) D:10
 Shoals (0/4) Lair:4       Spider (1/4) Lair:2        Slime (0/5) Lair:6
    Orc (2/2) D:11            Elf (0/3) Orc:2         IceCv (visited)

Altars:
Cheibriados
Dithmenos
Elyvilon
Gozag
Kikubaaqudgha
Makhleb
Okawaru
Qazlal
Ru
Sif Muna
Trog
Wu Jian
Xom
The Shining One
Beogh
Jiyva

Shops:
D:5 *   Orc:2 =[*(

Annotations:
D:8 1 runed translucent door, silenth's ghost, novice OpFi
Lair:6 1 runed translucent door
Spider:1 Azrael


Innate Abilities, Weirdness & Mutations

Your experience applies equally to all skills.
You have very sharp teeth.
Your uncanny sense of smell can sniff out nearby items.


Message History

Your guardian golem explodes!
The fiery explosion engulfs Azrael.
Azrael completely resists.
The fiery explosion engulfs you! You resist.
* * * LOW HITPOINT WARNING * * *
Unknown command.
You hit Azrael but do no damage.
Azrael is almost dead.
You are engulfed in blazing flames.
You resist.
You hit Azrael but do no damage. You bite Azrael, but do no damage.
Azrael is almost dead.
You are engulfed in blazing flames.
You resist.
* * * LOW HITPOINT WARNING * * *
You hit Azrael but do no damage. You bite Azrael, but do no damage.
Azrael is almost dead.
You are engulfed in blazing flames.
You resist.
* * * LOW HITPOINT WARNING * * *
Azrael laughs insanely.
Azrael gestures at you.
The sphere of damnation explodes!
The damnation engulfs you!!
You die...

##(.........##..##
.###.......##....#
.##........#.^...##
.#.........##.....###
.##..(......####....###
####>......^.#####....#
##....#####.§^###..##
###....##.....R.§###..#
#.††...#....○##@§.....#
##.<†...##..○####....###
#..#######....########
##..##.####.....##
#...#...####.....#
##.......###..^..#
##..#....##R....#
####...##○.....#
#...#○......#


You could see Azrael.

Vanquished Creatures
  A frost giant (IceCv)
  An orc warlord (Orc:2)
  2 entropy weavers (Spider:1)
  Josephine (Lair:5)
  Harold (D:6)
  7 hydras
  Erica (Orc:1)
  3 catoblepae (Lair:6)
  4 two-headed ogres
  12 death yaks
  An orc high priest (Orc:2)
  Pikel (D:8)
  An orb spider (Spider:1)
  3 orc knights (Orc:2)
  3 orc sorcerers
  3 wolf spiders (Spider:1)
  2 ugly things
  A manticore (Lair:6)
  A black mamba (Lair:4)
  Joseph (D:7)
  2 ice statues (IceCv)
  A gargoyle (D:9)
  2 cane toads (Lair:5)
  A torpor snail (Lair:2)
  3 rime drakes
  5 komodo dragons
  15 polar bears
  A demonic crawler (Spider:1)
  7 trolls
  Prince Ribbit (D:7)
  A jumping spider (Spider:1)
  A hornet (Spider:1)
  4 blink frogs (Lair:3)
  8 hippogriffs
  A dream sheep (Lair:6)
  Sigmund (D:5)
  10 redbacks (Spider:1)
  5 wraiths (Lair:5)
  90 yaks
  6 tarantellas (Spider:1)
  4 wyverns
  Grum (D:7)
  A steam dragon (Lair:4)
  5 fire elementals (Spider:1)
  A basilisk (D:11)
  A warg (Orc:2)
  Edmund (D:4)
  11 water moccasins
  An acid dragon (D:11)
  3 hell hounds (Spider:1)
  5 porcupines
  Duvessa (D:5)
  23 orc warriors
  2 sky beasts
  10 ice beasts
  3 black bears
  7 necrophages (Lair:5)
  8 ogres
  4 phantoms
  16 wolves
  11 centaurs
  3 crocodiles
  4 big kobolds
  12 bullfrogs
  5 scorpions
  Dowan (D:5)
  8 killer bees
  4 howler monkeys
  6 wights
  2 electric eels (D:10)
  2 quasits
  A bullfrog skeleton (D:6)
  11 hounds
  A jelly (D:7)
  2 centaur skeletons
  15 orc priests
  20 orc wizards
  4 worker ants
  7 iguanas
  A killer bee zombie (D:10)
  2 hound zombies
  2 hound skeletons
  A howler monkey zombie (D:8)
  12 adders
  3 shadow imps
  4 white imps
  3 ufetubi
  An ooze (D:3)
  8 worms
  2 dart slugs
  4 leopard geckos
  90 orcs
  6 bats
  7 giant cockroaches
  5 hobgoblins
  14 jackals
  28 kobolds
  6 quokkas
  2 ball pythons
  8 frilled lizards
  A giant cockroach zombie (D:5)
  13 goblins
  2 rats
  A bush (Lair:4)
  A fungus (Lair:5)
  A plant (Lair:6)
670 creatures vanquished.

Vanquished Creatures (others)
  A black mamba (Lair:4)
  An orc priest (Orc:1)
  2 bushes (Lair:2)
  8 fungi
  23 plants
35 creatures vanquished.

Grand Total: 705 creatures vanquished

Notes
Turn   | Place    | Note
-------+----------+-------------------------------------------
     0 | D:1      | Crimsoncloak the Gnoll Fighter began the quest for the Orb.
     0 | D:1      | Reached XP level 1. HP: 23/23 MP: 1/1
   139 | D:1      | Reached XP level 2. HP: 29/29 MP: 2/2
   315 | D:1      | Reached XP level 3. HP: 28/35 MP: 3/3
  1038 | D:2      | Reached skill level 1 in Invocations
  1115 | D:2      | Reached skill level 1 in Short Blades
  1115 | D:2      | Reached skill level 1 in Axes
  1115 | D:2      | Reached skill level 1 in Maces & Flails
  1115 | D:2      | Reached skill level 1 in Polearms
  1115 | D:2      | Reached skill level 1 in Staves
  1115 | D:2      | Reached skill level 1 in Slings
  1115 | D:2      | Reached skill level 1 in Bows
  1115 | D:2      | Reached skill level 1 in Crossbows
  1115 | D:2      | Reached skill level 1 in Throwing
  1115 | D:2      | Reached skill level 1 in Dodging
  1115 | D:2      | Reached skill level 1 in Stealth
  1115 | D:2      | Reached skill level 1 in Unarmed Combat
  1115 | D:2      | Reached skill level 1 in Spellcasting
  1115 | D:2      | Reached skill level 1 in Evocations
  1444 | D:2      | Reached XP level 4. HP: 41/41 MP: 5/5
  1534 | D:2      | Found a burning altar of Makhleb.
  1538 | D:2      | Reached skill level 1 in Conjurations
  1538 | D:2      | Reached skill level 1 in Hexes
  1538 | D:2      | Reached skill level 1 in Summonings
  1538 | D:2      | Reached skill level 1 in Necromancy
  1538 | D:2      | Reached skill level 1 in Translocations
  1538 | D:2      | Reached skill level 1 in Transmutations
  1538 | D:2      | Reached skill level 1 in Fire Magic
  1538 | D:2      | Reached skill level 1 in Ice Magic
  1538 | D:2      | Reached skill level 1 in Air Magic
  1538 | D:2      | Reached skill level 1 in Earth Magic
  1538 | D:2      | Reached skill level 1 in Poison Magic
  1936 | D:3      | Found a glowing golden altar of the Shining One.
  2027 | D:3      | Noticed an ogre
  2122 | D:2      | Killed an ogre
  2122 | D:2      | Reached XP level 5. HP: 47/47 MP: 5/7
  2322 | D:3      | Noticed a centaur
  2332 | D:3      | Killed a centaur
  2332 | D:3      | Reached XP level 6. HP: 21/53 MP: 8/8
  2333 | D:3      | Reached skill level 5 in Long Blades
  2872 | D:4      | Found a snail-covered altar of Cheibriados.
  2872 | D:4      | Noticed Edmund
  2976 | D:4      | Found a white marble altar of Elyvilon.
  2994 | D:4      | Noticed a phantom
  2995 | D:4      | Noticed a phantom
  3044 | D:3      | Killed a phantom
  3044 | D:3      | Reached XP level 7. HP: 60/60 MP: 10/10
  3258 | D:4      | Killed Edmund
  3296 | D:4      | Found an ornate altar of the Wu Jian Council.
  3404 | D:4      | Reached XP level 8. HP: 60/67 MP: 12/12
  3685 | D:4      | Found a sacrificial altar of Ru.
  3880 | D:5      | Entered Level 5 of the Dungeon
  3895 | D:5      | Found Guchor's Assorted Antiques.
  3994 | D:5      | Noticed Dowan
  4028 | D:5      | Killed Dowan
  4161 | D:5      | Noticed Duvessa
  4179 | D:5      | Killed Duvessa
  4417 | D:5      | Noticed Sigmund
  4436 | D:5      | Killed Sigmund
  4562 | D:6      | Reached XP level 9. HP: 72/72 MP: 14/14
  4948 | D:6      | Found a staircase to the Ecumenical Temple.
  5507 | D:7      | Noticed Prince Ribbit
  5591 | D:6      | Reached skill level 5 in Invocations
  5832 | D:7      | Reached XP level 10. HP: 80/80 MP: 17/17
  5858 | D:7      | Noticed Harold
  5870 | D:7      | Noticed Joseph
  5970 | D:6      | Killed Harold
  5970 | D:6      | Reached skill level 5 in Short Blades
  5970 | D:6      | Reached skill level 5 in Axes
  5970 | D:6      | Reached skill level 5 in Maces & Flails
  5970 | D:6      | Reached skill level 5 in Polearms
  5970 | D:6      | Reached skill level 5 in Staves
  5970 | D:6      | Reached skill level 5 in Slings
  5970 | D:6      | Reached skill level 5 in Bows
  5970 | D:6      | Reached skill level 5 in Crossbows
  5970 | D:6      | Reached skill level 5 in Throwing
  5970 | D:6      | Reached skill level 5 in Dodging
  5970 | D:6      | Reached skill level 5 in Stealth
  5970 | D:6      | Reached skill level 5 in Unarmed Combat
  5970 | D:6      | Reached skill level 5 in Spellcasting
  5970 | D:6      | Reached skill level 5 in Evocations
  6158 | D:7      | Killed Prince Ribbit
  6278 | D:7      | Killed Joseph
  6374 | D:7      | Found a shadowy altar of Dithmenos.
  6934 | D:8      | Noticed Grum
  6947 | D:7      | Killed Grum
  7048 | D:8      | Noticed a two-headed ogre
  7066 | D:8      | Killed a two-headed ogre
  7066 | D:8      | Reached XP level 11. HP: 81/87 MP: 19/19
  7226 | D:8      | Found a runed translucent door.
  7228 | D:8      | Identified the +1 trident "Ruomouzao" {flame, rN+ Str+2
                  | Int+4 Stlth-}
  7228 | D:8      | Noticed silenth's ghost (novice OpFi)
  7259 | D:8      | Noticed Pikel
  7277 | D:8      | Killed Pikel
  7614 | D:8      | Found a shimmering altar of Xom.
  7836 | D:8      | Found a glowing golden altar of the Shining One.
  7949 | D:9      | Reached skill level 5 in Conjurations
  7949 | D:9      | Reached skill level 5 in Hexes
  7949 | D:9      | Reached skill level 5 in Summonings
  7949 | D:9      | Reached skill level 5 in Necromancy
  7949 | D:9      | Reached skill level 5 in Translocations
  7949 | D:9      | Reached skill level 5 in Transmutations
  7949 | D:9      | Reached skill level 5 in Fire Magic
  7949 | D:9      | Reached skill level 5 in Ice Magic
  7949 | D:9      | Reached skill level 5 in Air Magic
  7949 | D:9      | Reached skill level 5 in Earth Magic
  7949 | D:9      | Reached skill level 5 in Poison Magic
  8179 | D:9      | Noticed a red ugly thing
  8196 | D:9      | Killed a red ugly thing
  8361 | D:9      | Found a stormy altar of Qazlal.
  8677 | D:10     | Entered Level 10 of the Dungeon
  8777 | Temple   | Entered the Ecumenical Temple
  8789 | Temple   | Became a worshipper of Warmaster Okawaru
  9430 | D:10     | Found a staircase to the Lair.
  9990 | D:10     | Reached * piety under Okawaru
 10396 | Lair:1   | Entered Level 1 of the Lair of Beasts
 11204 | Lair:1   | Reached ** piety under Okawaru
 11464 | Lair:1   | Reached XP level 12. HP: 87/96 MP: 22/22
 12047 | Lair:2   | Found a hole to the Spider Nest.
 12101 | Lair:2   | Reached *** piety under Okawaru
 12653 | Lair:2   | Noticed a four-headed hydra
 12659 | Lair:2   | Noticed a five-headed hydra
 12668 | Lair:2   | Killed a four-headed hydra
 12714 | Lair:2   | Killed a five-headed hydra
 12714 | Lair:2   | Reached **** piety under Okawaru
 12917 | Lair:2   | Received a gift from Okawaru
 12917 | Lair:2   | Reached skill level 10 in Fighting
 12917 | Lair:2   | Reached skill level 10 in Armour
 12917 | Lair:2   | Reached skill level 10 in Shields
 13428 | Lair:3   | Noticed a four-headed hydra
 13449 | Lair:3   | Killed a four-headed hydra
 13815 | Lair:3   | Received a gift from Okawaru
 14207 | Lair:4   | Reached ***** piety under Okawaru
 14243 | Lair:4   | Received a gift from Okawaru
 14243 | Lair:4   | Reached XP level 13. HP: 52/103 MP: 21/24
 14285 | Lair:4   | HP: 4/103 [black mamba (9)]
 14408 | Lair:4   | Found a frozen archway.
 14490 | IceCv    | Entered an ice cave
 14508 | IceCv    | Received a gift from Okawaru
 16323 | IceCv    | Received a gift from Okawaru
 16518 | IceCv    | Received a gift from Okawaru
 16683 | IceCv    | Noticed a frost giant
 16729 | IceCv    | Killed a frost giant
 16760 | IceCv    | Received a gift from Okawaru
 17348 | Lair:4   | Found a staircase to the Shoals.
 19002 | Lair:5   | Noticed Josephine
 19016 | Lair:5   | Killed Josephine
 19571 | Lair:5   | Reached XP level 14. HP: 103/111 MP: 26/26
 19692 | Lair:6   | Entered Level 6 of the Lair of Beasts
 19721 | Lair:5   | Reached skill level 10 in Long Blades
 19824 | Lair:5   | Received a gift from Okawaru
 20807 | Lair:6   | Received a gift from Okawaru
 21092 | Lair:6   | Found a runed translucent door.
 21092 | Lair:6   | Found a viscous altar of Jiyva.
 21092 | Lair:6   | Found a staircase to the Slime Pits.
 21463 | Lair:6   | Reached skill level 10 in Invocations
 23175 | Lair:6   | Got a colourful robe
 23188 | Lair:6   | Identified the +1 robe "Guhekux" {Str+6 Int+2} (You found
                  | it on level 6 of the Lair of Beasts)
 23666 | D:11     | Found a staircase to the Orcish Mines.
 25145 | Orc:1    | Entered Level 1 of the Orcish Mines
 25145 | Orc:1    | Noticed Erica
 25156 | D:11     | Received a gift from Okawaru
 25744 | Orc:1    | Killed Erica
 25744 | Orc:1    | Reached XP level 15. HP: 118/119 MP: 25/28
 26020 | Orc:1    | Upgraded the game from 0.26-a0-403-g5864c69 to
                  | 0.26-a0-412-ga3d1f51b
 26030 | Orc:2    | Entered Level 2 of the Orcish Mines
 26030 | Orc:2    | Found a bloodstained altar of Trog.
 26094 | Orc:2    | Found a bloodstained altar of Trog.
 26114 | Orc:2    | Got a crystal dagger
 26117 | Orc:2    | Identified the +1 dagger of Calculation {speed, Str+2} (You
                  | found it on level 2 of the Orcish Mines)
 26174 | Orc:2    | Found a staircase to the Elven Halls.
 27102 | Orc:2    | Found a roughly hewn altar of Beogh.
 27103 | Orc:2    | Noticed an orc warlord
 27841 | Orc:2    | Killed an orc warlord
 27856 | Orc:2    | Found Ocyne's Antique Armour Shop.
 27864 | Orc:2    | Found Docigeje's Antique Weapon Shop.
 27917 | Orc:2    | Found Kygen's Jewellery Shop.
 27964 | Orc:2    | Found Byrax's General Store.
 28283 | Orc:2    | Bought a steaming mace for 288 gold pieces
 28299 | Orc:2    | Bought a buzzing plate armour for 504 gold pieces
 28311 | Orc:2    | Identified the +1 plate armour "Fogigum" {MR+} (You bought
                  | it in a shop on level 2 of the Orcish Mines)
 28323 | Orc:2    | Identified the cursed +3 mace "Dragonslayer" {vorpal, rF++
                  | Dex+3} (You bought it in a shop on level 2 of the Orcish
                  | Mines)
 28331 | Orc:2    | Bought a pair of warped boots for 171 gold pieces
 28331 | Orc:2    | Bought a glowing scarf for 144 gold pieces
 28345 | Orc:2    | Identified the +0 pair of boots of the Ladybird {Dex+8}
                  | (You bought it in a shop on level 2 of the Orcish Mines)
 28499 | Spider:1 | Entered Level 1 of the Spider Nest
 28749 | Spider:1 | Learned a level 3 spell: Frozen Ramparts
 28753 | Spider:1 | Learned a level 3 spell: Summon Guardian Golem
 29248 | Spider:1 | Reached skill level 10 in Short Blades
 29248 | Spider:1 | Reached skill level 10 in Axes
 29248 | Spider:1 | Reached skill level 10 in Maces & Flails
 29248 | Spider:1 | Reached skill level 10 in Polearms
 29248 | Spider:1 | Reached skill level 10 in Staves
 29248 | Spider:1 | Reached skill level 10 in Slings
 29248 | Spider:1 | Reached skill level 10 in Bows
 29248 | Spider:1 | Reached skill level 10 in Crossbows
 29248 | Spider:1 | Reached skill level 10 in Throwing
 29248 | Spider:1 | Reached skill level 10 in Dodging
 29248 | Spider:1 | Reached skill level 10 in Stealth
 29248 | Spider:1 | Reached skill level 10 in Unarmed Combat
 29248 | Spider:1 | Reached skill level 10 in Spellcasting
 29248 | Spider:1 | Reached skill level 10 in Evocations
 29453 | Spider:1 | Noticed Azrael
 30077 | Spider:1 | Killed from afar by Azrael

Illustrated notes

Levels and vault maps discovered:
D:1:      ebering_trefoil_twist, layout_loops_ring, hex_medium
D:2:      layout_loops_cross, makhleb_heckhound_becter
D:3:      layout_basic, nicolae_overflow_crystal_walls, minmay_mini_jars
D:4:      layout_rooms, lemuel_round_altar, cheibriados_altar_1,
          nicolae_ru_great_annihilating_truth, elyvilon_altar_3, uniq_edmund
D:5:      layout_rooms, serial_corexii_hall, corexii_hall_statues_x,
          chequers_hall_statues_wall_a, serial_shops, nicolae_shop_behind_doors,
          chequers_serial_rivers_room_a, uniq_duvessa, uniq_menkaure,
          uniq_sigmund
D:6:      layout_basic, minmay_temple_entry_grid,
          hangedman_abyss_or_decor_lesser_grid, minmay_joined_circles
D:7:      layout_loops_ring, grunt_dithmenos_smoke_and_mirrors, uniq_joseph,
          uniq_prince_ribbit1, uniq_harold
D:8:      layout_cave_pools, lemuel_doored_altar, ebering_ghost_funeral_grove,
          st_stairs_10, minivault_5, tso_altar, uniq_grum, uniq_pikel
D:9:      layout_basic, grunt_qazlal_sundering
D:10:     layout_grid_maze, erik_lair_island
D:11:     layout_loops_corners, erik_orc_3, minmay_misc_feat_square,
          minmay_door_square, kennysheep_generic_room_11
Temple:   eino_temple_rhombus
Lair:1:   wander_river, layout_cave_pods
Lair:2:   layout_regular_city, nicolae_spider_entry_non_spiders
Lair:3:   layout_big_grid, grunt_megastairs_5, lemuel_fruit_tree
Lair:4:   layout_misc_corridors, minmay_shoals_entry_centaurs,
          portal_ice_cave_entry_ice_beasts, cheibrodos_lair_lostbears,
          grunt_megastairs_1, serial_bayou_shore_b
Lair:5:   layout_gridlike, roderic_carrion_pond, serial_bayou_shore_b,
          uniq_josephine
Lair:6:   evilmike_catoblepas_cave, layout_cave_pods, slime_altar_2, st_stairs_7
Spider:1: layout_spider_delve, gammafunk_ghost_abyssal_escape, drop_trap,
          uniq_azrael
Orc:1:    layout_caves, uniq_erica
Orc:2:    grunt_orc_cross, layout_diamond_mine, basic_altar, bloody_trog

Skill      XL: |  1  2  3  4  5  6  7  8  9 10 11 12 13 14 15 |
---------------+----------------------------------------------+-----
Invocations    | 1 2 3 4 5 6 7 8 9 10 | 10.9
Short Blades   | 1 2 3 4 5 6 7 8 9 10 | 10.0
Axes           | 1 2 3 4 5 6 7 8 9 10 | 10.0
Maces & Flails | 1 2 3 4 5 6 7 8 9 10 | 10.0
Polearms       | 1 2 3 4 5 6 7 8 9 10 | 10.0
Staves         | 1 2 3 4 5 6 7 8 9 10 | 10.0
Slings         | 1 2 3 4 5 6 7 8 9 10 | 10.0
Bows           | 1 2 3 4 5 6 7 8 9 10 | 10.0
Crossbows      | 1 2 3 4 5 6 7 8 9 10 | 10.0
Throwing       | 1 2 3 4 5 6 7 8 9 10 | 10.0
Dodging        | 1 2 3 4 5 6 7 8 9 10 | 10.0
Stealth        | 1 2 3 4 5 6 7 8 9 10 | 10.0
Unarmed Combat | 1 2 3 4 5 6 7 8 9 10 | 10.0
Spellcasting   | 1 2 3 4 5 6 7 8 9 10 | 10.0
Evocations     | 1 2 3 4 5 6 7 8 9 10 | 10.0
Conjurations   | 1 2 3 4 5 6 7 8 |  8.5
Hexes          | 1 2 3 4 5 6 7 8 |  8.5
Summonings     | 1 2 3 4 5 6 7 8 |  8.5
Necromancy     | 1 2 3 4 5 6 7 8 |  8.5
Translocations | 1 2 3 4 5 6 7 8 |  8.5
Transmutations | 1 2 3 4 5 6 7 8 |  8.5
Fire Magic     | 1 2 3 4 5 6 7 8 |  8.5
Ice Magic      | 1 2 3 4 5 6 7 8 |  8.5
Air Magic      | 1 2 3 4 5 6 7 8 |  8.5
Earth Magic    | 1 2 3 4 5 6 7 8 |  8.5
Poison Magic   | 1 2 3 4 5 6 7 8 |  8.5
Long Blades    | 5 6 7 8 9 10 11 | 11.0
Fighting       | 7 8 9 10 11 | 11.8
Armour         | 7 8 9 10 11 | 11.8
Shields        | 7 8 9 10 11 | 11.8

Action                   |  1- 3 |  4- 6 |  7- 9 | 10-12 | 13-15 || total
-------------------------+-------+-------+-------+-------+-------++-------
Melee: Long sword        |   106 |   135 |    84 |       |       ||   325
       Bite              |    14 |    14 |    59 |   139 |   384 ||   610
       Flail             |       |       |   373 |  1109 |  1840 ||  3322
       Mace              |       |       |       |       |   180 ||   180
Throw: Dart              |       |       |    15 |     4 |     3 ||    22
       Javelin           |       |       |       |       |     4 ||     4
 Cast: Frozen Ramparts   |       |       |       |       |     9 ||     9
       Summon Guardian G |       |       |       |       |     3 ||     3
Invok: Heroism           |       |       |       |     3 |    12 ||    15
       Finesse           |       |       |       |       |     4 ||     4
Evoke: Wand              |       |       |       |       |     7 ||     7
  Use: Scroll            |       |       |    11 |     8 |     7 ||    26
       Potion            |       |       |       |       |     5 ||     5
 Stab: Paralysed         |       |       |     1 |       |       ||     1
       Distracted        |       |       |       |       |     1 ||     1
Armor: Scale mail        |    32 |    28 |       |       |       ||    60
       Chain mail        |       |    11 |   240 |   478 |   311 ||  1040
       Plate armour      |       |       |       |       |   429 ||   429
Dodge: Dodged            |    32 |    31 |   155 |   405 |   705 ||  1328
Block: Kite shield       |    60 |    72 |   300 |  1037 |  1911 ||  3380
       Reflection        |       |       |       |    21 |     8 ||    29
       Rpst.: Long sword |    11 |    10 |     5 |       |       ||    26

Table legend: (Time is in decaauts)
 A = Elapsed time spent in this place.
 B = Non-inter-level travel time spent in this place.
 C = Inter-level travel time spent in this place.
 D = Time resting spent in this place.
 E = Time spent auto-exploring this place.
 F = Levels seen in this place.
 G = Mean time per level.
                   A        B        C        D        E       F      G
               +--------+--------+--------+--------+--------+-----+--------+
         Total |  30309 |  29587 |    722 |   8367 |  11630 |  22 | 1377.7 |
       Dungeon |  12889 |  12411 |    478 |   2009 |   5999 |  11 | 1171.7 |
        Temple |     18 |     18 |      0 |      0 |      0 |   1 |   18.0 |
          Lair |  10677 |  10523 |    154 |   3125 |   4475 |   6 | 1779.5 |
   Spider Nest |   1365 |   1365 |      0 |    770 |    101 |   1 | 1365.0 |
  Orcish Mines |   2654 |   2566 |     88 |    873 |    747 |   2 | 1327.0 |
      Ice Cave |   2704 |   2704 |      0 |   1590 |    307 |   1 | 2704.0 |
               +--------+--------+--------+--------+--------+-----+--------+

Top non-repeatable levels by time:
  Lair:6: 3097 daAuts
   IceCv: 2704 daAuts
  Lair:5: 2366 daAuts
    D:11: 2174 daAuts
   Orc:2: 1826 daAuts
  Lair:2: 1803 daAuts
  Lair:1: 1476 daAuts
Spider:1: 1365 daAuts
    D:10: 1346 daAuts
     D:6: 1339 daAuts
     D:7: 1229 daAuts
     D:2: 1133 daAuts
  Lair:4: 1119 daAuts
     D:9: 1117 daAuts
     D:3: 1117 daAuts
